 Dungeon Crawl Stone Soup version 0.28.0-53-g5a82cb258f (webtiles) character file.

Game seed: 14797324489191634265

274926 quixfox the Slayer (level 20, -6/204 HPs)
             Began as a Hill Orc Fighter on July 10, 2022.
             Was the Champion of Okawaru.
             Killed from afar by an ironbound frostheart (33 damage)
             ... by creeping frost
             ... summoned by a boggart
             ... on level 3 of the Vaults on July 11, 2022.
             The game lasted 02:35:14 (54082 turns).

quixfox the Slayer (Hill Orc Fighter)              Turns: 54082, Time: 02:35:15

Health: -6/204     AC: 52    Str: 42    XL:     20   Next: 33%
Magic:  26/26      EV: 12    Int: 12    God:    Okawaru [******]
Gold:   654        SH: 13    Dex: 13    Spells: 19/19 levels left

rFire   + . .      SeeInvis +   a - +7 war axe "Pofeotso" {flame, rElec Str+3}
rCold   . . .      Faith    .   S - +2 buckler of Sotoino {Str+5 Int-3 SInv}
rNeg    . . .      Spirit   .   u - +10 crystal plate armour "Xomyrhawk" {+Inv Will- Regen+}
rPois   +          Reflect  +   A - +2 hat of Youthful Indiscretion {rPois Int+3}
rElec   +          Harm     .   I - +3 cloak "Jaluorr" {rCorr Int+4}
rCorr   +          Rampage  .   l - +2 pair of gloves
Will    .....                   Z - +2 pair of boots of Infinity {rPois rCorr Dex+3}
Stlth   ..........              X - amulet of reflection
HPRegen 1.24/turn               D - ring of protection from fire
MPRegen 0.20/turn               V - ring "Giku" {Str+6 SInv}

@: about to teleport, marked, frozen, studying Shields, very slow
A: no striking features
}: 2/15 runes: serpentine, barnacled
a: Renounce Religion, Evoke Invisibility, Heroism, Finesse, Duel


You were on level 3 of the Vaults.
You worshipped Okawaru.
Okawaru was exalted by your worship.
You visited 7 branches of the dungeon, and saw 35 of its levels.
You visited the Abyss 2 times.
You also visited: Bailey.

You collected 4050 gold pieces.
You spent 3396 gold pieces at shops.

Inventory:

Hand Weapons
 a - the +7 war axe "Pofeotso" (weapon) {flame, rElec Str+3}
   (Okawaru gifted it to you on level 1 of the Shoals)

   It burns those it strikes, dealing additional fire damage.
   Big, fiery blades are also staple armaments of hydra-hunters.
   Str:       It affects your strength (+3).
   rElec:     It insulates you from electricity.
 b - the +7 hunting sling of the Dragonfly {speed, rC- Str+4 Dex+2}
   (You found it on level 6 of the Dungeon)

   Attacks with this weapon are significantly faster.
   Str:       It affects your strength (+4).
   Dex:       It affects your dexterity (+2).
   rC:        It makes you vulnerable to cold.
 Q - a +4 executioner's axe of draining
Missiles
 e - 26 boomerangs (quivered)
 j - 9 javelins
 y - 3 throwing nets
 H - 169 sling bullets
Armour
 l - a +2 pair of gloves (worn)
 u - the +10 crystal plate armour "Xomyrhawk" (worn) {+Inv Will- Regen+}
   (Okawaru gifted it to you on level 2 of the Vaults)

   +Inv:      It lets you turn invisible.
   Regen:     It increases your rate of health regeneration.
   Will:      It decreases your willpower.
 A - the +2 hat of Youthful Indiscretion (worn) {rPois Int+3}
   (Okawaru gifted it to you on level 2 of the Snake Pit)

   Int:       It affects your intelligence (+3).
   rPois:     It protects you from poison.
 I - the +3 cloak "Jaluorr" (worn) {rCorr Int+4}
   (Okawaru gifted it to you on level 3 of the Lair of Beasts)

   Int:       It affects your intelligence (+4).
   rCorr:     It protects you from acid and corrosion.
 R - the +8 orange crystal plate armour {Archmagi, Int+3 Clar}
   (You bought it in a shop on level 2 of the Orcish Mines)

   Int:       It affects your intelligence (+3).
   Clar:      It protects you against confusion.
 S - the +2 buckler of Sotoino (worn) {Str+5 Int-3 SInv}
   (Okawaru gifted it to you in a bailey)

   Str:       It affects your strength (+5).
   Int:       It affects your intelligence (-3).
   SInv:      It lets you see invisible.
 Z - the +2 pair of boots of Infinity (worn) {rPois rCorr Dex+3}
   (You found it on level 13 of the Dungeon)

   Dex:       It affects your dexterity (+3).
   rPois:     It protects you from poison.
   rCorr:     It protects you from acid and corrosion.
Jewellery
 x - a ring of protection from cold
 z - a +4 ring of protection
 D - a ring of protection from fire (left hand)
 E - the ring of Doubt {*Slow rF- rC+ Dex+9}
   (You found it on level 6 of the Dungeon)

   [ring of protection from cold]

   Dex:       It affects your dexterity (+9).
   rF:        It makes you vulnerable to fire.
   rC:        It protects you from cold.
   *Slow:     It may slow you when you take damage.
 O - a ring of ice
 V - the ring "Giku" (right hand) {Str+6 SInv}
   (You found it on level 1 of the Vaults)

   [ring of see invisible]

   Str:       It affects your strength (+6).
   SInv:      It lets you see invisible.
 X - an amulet of reflection (around neck)
Wands
 i - a wand of acid (4)
 r - a wand of flame (56)
 s - a wand of digging (14)
 B - a wand of iceblast (38)
 M - a wand of mindburst (23)
Scrolls
 c - 16 scrolls of identify
 f - 3 scrolls of holy word
 g - 5 scrolls of magic mapping
 k - 22 scrolls of teleportation
 p - 2 scrolls of enchant armour
 C - 6 scrolls of fog
 G - 7 scrolls of silence
 L - 3 scrolls of blinking
 N - 2 scrolls of amnesia
 P - 4 scrolls of fear
 T - 2 scrolls of enchant weapon
Potions
 d - 2 potions of ambrosia
 h - 8 potions of curing
 m - 3 potions of flight
 n - 6 potions of invisibility
 o - 2 potions of resistance
 q - 7 potions of mutation
 t - 2 potions of cancellation
 v - 3 potions of berserk rage
 w - 5 potions of lignification
 F - 3 potions of haste
 J - a potion of brilliance
 K - 6 potions of might
 U - 3 potions of heal wounds


   Skills:
 + Level 23.5 Fighting
 - Level 22.4 Axes
 + Level 5.9 Slings
 + Level 21.8 Armour
 + Level 9.0 Dodging
 - Level 10.0 Shields
 - Level 8.0 Invocations


You had 19 spell levels left.
You didn't know any spells.
Your spell library contained the following spells:

 Spells                   Type           Power      Damage    Failure   Level
 Magic Dart               Conj           0%         1d3       88%         1
 Pain                     Necr           0%         1d4       88%         1
 Sting                    Tmut/Pois      0%         1d3       88%         1
 Poisonous Vapours        Pois/Air       0%         N/A       96%         2
 Searing Ray              Conj           0%         2d4       96%         2
 Confusing Touch          Hex            0%         N/A       99%         3
 Gell's Gravitas          Tloc           0%         N/A       99%         3
 Teleport Other           Tloc           0%         N/A       99%         3
 Vampiric Draining        Necr           0%         2d6       99%         3
 Fulminant Prism          Conj/Hex       0%         3d6       100%        4
 Olgreb's Toxic Radiance  Pois           0%         N/A       100%        4
 Passage of Golubria      Tloc           0%         N/A       100%        4
 Yara's Violent Unravell  Hex/Tmut       0%         3d3       100%        5
 Dispersal                Tloc           0%         N/A       100%        6
 Enfeeble                 Hex            0%         N/A       100%        7
 Animate Skeleton         Necr           Unusable   N/A       N/A         1
 Tukima's Dance           Hex            Unusable   N/A       N/A         3

Dungeon Overview and Level Annotations

Branches:
Dungeon (15/15)            Temple (1/1) D:7            Lair (6/6) D:8
 Shoals (4/4) Lair:4        Snake (4/4) Lair:2        Slime (0/5) Lair:5
    Orc (2/2) D:10            Elf (0/3) Orc:2        Vaults (3/5) D:14
  Crypt (0/3) Vaults:2     Depths (0/4) D:15         Bailey (visited)

Altars:
Ashenzari
Cheibriados
Dithmenos
Elyvilon
Fedhas
Gozag
Hepliaklqana
Kikubaaqudgha
Makhleb
Nemelex Xobeh
Okawaru
Qazlal
Ru
Sif Muna
Trog
Uskayaw
Vehumet
Wu Jian
Xom
Yredelemnul
Zin
The Shining One
Beogh

Shops:
Orc:2 [((*   Shoals:1 *   Snake:2 *[[(?   Snake:4 !   Vaults:2 ?

Annotations:
D:5 1 runed translucent door, Crazy Yiuf
D:6 2 runed translucent doors


Message History

The wizard simulacrum barely misses you.
You slash the slime creature! You burn the slime creature.
You kill the slime creature!
The slime creature dissolves into shadows!
You open the wizard simulacrum like a pillowcase!!!
You melt the wizard simulacrum!
The wizard simulacrum vaporises!
You slash the red ugly thing! You burn the red ugly thing.
The red ugly thing is moderately wounded.
You block the red ugly thing's attack.
You slash the red ugly thing! You burn the red ugly thing.
The red ugly thing is heavily wounded.
You closely miss the red ugly thing.
The red ugly thing is heavily wounded.
You block the red ugly thing's attack.
You slash the red ugly thing! You burn the red ugly thing.
The red ugly thing is severely wounded.
The red ugly thing kicks you but does no damage.
You slice the red ugly thing!! You burn the red ugly thing.
You kill the red ugly thing!
Okawaru accepts your kill.
You hit the ironbound frostheart. You burn the ironbound frostheart.
The ironbound frostheart is lightly wounded.
The ironbound frostheart calls freezing cold from the walls.
The frost grips you but does no damage.
You are encased in ice.
You hit the ironbound frostheart. You burn the ironbound frostheart.
The ironbound frostheart is moderately wounded.
You slash the ironbound frostheart! You burn the ironbound frostheart!
The ironbound frostheart is heavily wounded.
The ironbound frostheart calls freezing cold from the walls.
The frost grips you!!!
* * * LOW HITPOINT WARNING * * *
As you read the scroll of teleportation, it crumbles to dust.
You feel strangely unstable.
The ironbound frostheart touches you but does no damage.
You feel better.
The ironbound frostheart calls freezing cold from the walls.
The frost grips you!!
You die...

.............)O.....#..ppuY...
######################'#######
#.O.....# #c......# ########
###pp.....# #......# ###
#Jg.......# ##....#### ##.##
#p#.......# ###..###.#
##...###.#.......+
.##'###..###....@#.##.......#
..'......##.#....p###########
..#......#.###...##
.##..##..'.# ##.##
###..###.#.# ### ##...#######
#......# ########


You could see an ironbound frostheart (summoned).

Vanquished Creatures
  A dread lich (Abyss:2)
  Nikola (Snake:3)
  Rupert (Lair:4)
  Asterion (Snake:1)
  A quicksilver dragon (Vaults:2)
  A kraken (Shoals:4)
  A tentacled starspawn (Abyss:2)
  2 sphinxes
  Gastronok (Lair:1)
  A shadow dragon (Vaults:2)
  2 tengu reavers
  The ghost of Razfen the Cruncher, an adept GnWn of Ashenzari (Snake:1)
  4 nagarajas (Snake:4)
  Ilsuiw (Shoals:2)
  A fire giant (D:15)
  Aizul (Snake:3)
  Louise (Snake:4)
  2 orc warlords
  6 vault wardens
  11 ironbound preservers
  3 very ugly things
  7 ironbound thunderhulks
  Nessos (D:15)
  An entropy weaver (Vaults:2)
  Azrael (Snake:2)
  10 dire elephants
  2 deep elf death magi (Vaults:2)
  A fire dragon (Lair:6)
  5 merfolk javelineers
  5 merfolk impalers
  8 yaktaur captains
  10 naga warriors
  7 boulder beetles
  2 salamander tyrants (Snake:4)
  Harold (D:7)
  5 ironbound frosthearts
  A peacekeeper (Vaults:2)
  2 catoblepae
  3 vault guards
  5 hydras
  6 centaur warriors
  An ogre mage (D:15)
  11 anacondas
  4 merfolk aquamancers
  3 merfolk avatars
  A vampire mage (Vaults:2)
  21 death yaks
  11 two-headed ogres
  An alligator snapping turtle (Shoals:2)
  3 tengu warriors (D:14)
  An orc high priest (Orc:2)
  14 naga sharpshooters
  5 shock serpents
  3 large abominations (Abyss:2)
  3 thrashing horrors (Abyss:2)
  A fire crab (Lair:6)
  3 salamander mystics (Snake:4)
  A death drake (shapeshifter) (D:14)
  A glowing orange brain (Vaults:2)
  10 sea snakes
  34 deep trolls
  A goliath frog (Lair:4)
  13 ironbound convokers
  10 wizards
  4 swamp dragons
  4 harpies (Shoals:4)
  9 naga ritualists
  A harpy (shapeshifter) (D:15)
  5 lindwurms
  2 deep elf pyromancers
  7 orc knights
  3 oklob plants (Lair:5)
  10 mana vipers
  2 orc sorcerers (Orc:1)
  Pikel (D:5)
  17 ugly things
  11 manticores
  7 fauns
  6 cyclopes
  5 salamanders
  A worldbinder (Abyss:2)
  10 merfolk sirens
  3 torpor snails
  39 black mambas
  2 gargoyles
  Joseph (D:7)
  20 naga magi
  7 water nymphs
  10 vault sentinels
  Maggie (D:10)
  An unseen horror (D:12)
  7 cane toads
  6 komodo dragons
  20 yaktaurs
  4 rime drakes
  A freezing wraith (Vaults:2)
  4 hellwings
  4 trolls
  14 wind drakes
  19 merfolk
  15 polar bears
  38 slime creatures
  8 snapping turtles
  6 raiju
  9 blink frogs (Lair:1)
  4 dream sheep (Lair:4)
  Grinder (D:3)
  8 spriggans (D:9)
  Sigmund (D:3)
  A centaur simulacrum (D:14)
  A vampire (D:12)
  6 water elementals
  A fire elemental (Snake:2)
  2 shadows
  19 yaks
  2 wraiths
  3 basilisks
  3 wyverns
  7 steam dragons
  Eustachio (D:4)
  6 vampire mosquitoes
  8 wargs
  A chaos spawn (Abyss:2)
  24 nagas
  2 swamp worms (Lair:4)
  2 acid dragons
  13 water moccasins
  18 hell hounds
  3 swamp drakes
  36 orc warriors
  2 necrophages
  5 ice beasts
  3 sky beasts
  15 black bears
  A hornet zombie (D:9)
  A boggart (Vaults:3)
  8 ogres
  30 wolves
  3 centaurs (D:6)
  4 lemures (D:5)
  A phantom (D:4)
  3 kobold brigands
  4 scorpions
  11 bullfrogs
  A gnoll sergeant (D:10)
  A water moccasin zombie (D:6)
  2 wyvern zombies (D:6)
  A scorpion (shapeshifter) (D:14)
  A small abomination (Abyss:2)
  5 wights (D:7)
  6 electric eels
  6 centaur zombies
  A quasit (Vaults:2)
  A hound (D:6)
  A centaur skeleton (D:7)
  31 orc priests
  3 bullfrog skeletons
  Jessica (D:3)
  12 iguanas
  Ijyb (D:3)
  29 orc wizards
  3 killer bee zombies
  A howler monkey skeleton (D:6)
  A howler monkey zombie (D:9)
  7 gnolls
  5 adders
  A shadow imp (D:6)
  An ufetubus (Abyss:2)
  2 worms
  A dart slug (D:1)
  106 orcs
  12 bats
  7 endoplasms
  2 giant cockroaches
  7 goblins
  5 hobgoblins
  4 jackals (D:3)
  3 quokkas
  6 ball pythons
  3 frilled lizards
  13 kobolds
  7 rats
  3 bushes
  2 plants (Shoals:4)
  A tentacle (Shoals:4)
1197 creatures vanquished.

Vanquished Creatures (others)
  A vampire knight (Vaults:2)
  A merfolk (Shoals:4)
  10 demonic plants (Abyss:2)
  30 fungi
  162 plants
  2 starspawn tentacles (Abyss:2)
  10 tentacles (Shoals:4)
216 creatures vanquished.

Grand Total: 1413 creatures vanquished

Notes
Turn   | Place    | Note
-------+----------+-------------------------------------------
     0 | D:1      | quixfox the Hill Orc Fighter began the quest for the Orb.
     0 | D:1      | Reached XP level 1. HP: 19/19 MP: 1/1
   414 | D:1      | Reached XP level 2. HP: 27/27 MP: 2/2
   517 | D:1      | Reached skill level 4 in Fighting
   692 | D:1      | Reached XP level 3. HP: 33/33 MP: 3/3
  1994 | D:2      | Reached XP level 4. HP: 40/40 MP: 4/4
  2347 | D:3      | Reached skill level 5 in Axes
  2446 | D:3      | Reached XP level 5. HP: 38/47 MP: 5/5
  2764 | D:3      | Noticed Grinder
  2768 | D:3      | Paralysed by Grinder for 3 turns
  2776 | D:3      | Killed Grinder
  2777 | D:3      | Reached skill level 5 in Fighting
  2777 | D:3      | Reached XP level 6. HP: 25/56 MP: 6/6
  3110 | D:3      | Noticed Ijyb
  3115 | D:3      | Paralysed by Ijyb for 5 turns
  3128 | D:3      | Killed Ijyb
  3152 | D:3      | Noticed Sigmund
  3160 | D:3      | Killed Sigmund
  3161 | D:3      | Reached skill level 5 in Armour
  3161 | D:3      | Reached XP level 7. HP: 62/62 MP: 7/7
  3182 | D:3      | Noticed Jessica
  3190 | D:3      | Killed Jessica
  3297 | D:3      | Found a shadowy altar of Dithmenos.
  3684 | D:4      | Noticed Eustachio
  3694 | D:4      | Killed Eustachio
  3695 | D:4      | Reached skill level 6 in Fighting
  3920 | D:4      | Found an iron altar of Okawaru.
  3936 | D:4      | Became a worshipper of Warmaster Okawaru
  4226 | D:4      | Reached XP level 8. HP: 52/70 MP: 8/8
  4394 | D:5      | Entered Level 5 of the Dungeon
  4734 | D:5      | Reached skill level 7 in Fighting
  4938 | D:5      | Found a runed translucent door.
  4939 | D:5      | Noticed Crazy Yiuf
  4947 | D:5      | Reached * piety under Okawaru
  5042 | D:5      | Noticed Pikel
  5190 | D:5      | Reached skill level 10 in Axes
  5190 | D:5      | Reached skill level 1 in Invocations
  5195 | D:5      | Killed Pikel
  5196 | D:5      | Reached XP level 9. HP: 63/79 MP: 6/10
  5390 | D:5      | Reached ** piety under Okawaru
  5391 | D:5      | Reached skill level 5 in Shields
  5676 | D:6      | Found a large runed translucent door.
  5676 | D:6      | Found a large runed translucent door.
  5721 | D:6      | Found a large runed translucent door.
  5721 | D:6      | Found a large runed translucent door.
  5776 | D:6      | Identified the ring of Doubt {*Slow rF- rC+ Dex+9}
  5932 | D:6      | Reached skill level 8 in Fighting
  5957 | D:6      | Identified the +7 hunting sling of the Dragonfly {speed,
                  | rC- Str+4 Dex+2}
  6673 | D:6      | Reached *** piety under Okawaru
  6914 | D:6      | Reached XP level 10. HP: 84/90 MP: 13/13
  7341 | D:6      | Reached skill level 5 in Invocations
  8115 | D:7      | Noticed Joseph
  8147 | D:7      | Killed Joseph
  8147 | D:7      | Reached **** piety under Okawaru
  8147 | D:7      | Received a gift from Okawaru
  8148 | D:7      | Reached skill level 9 in Fighting
  8584 | D:7      | Noticed Harold
  8602 | D:7      | Killed Harold
  8743 | D:7      | Found a staircase to the Ecumenical Temple.
  8748 | Temple   | Entered the Ecumenical Temple
  9697 | D:8      | Noticed a death yak
  9727 | D:8      | Killed a death yak
  9727 | D:8      | Reached ***** piety under Okawaru
  9728 | D:8      | Noticed a death yak
  9853 | D:8      | Noticed a death yak
  9853 | D:8      | Noticed a death yak
  9853 | D:8      | Noticed a death yak
  9853 | D:8      | Noticed a death yak
  9853 | D:8      | Identified the +3 short sword of Reasonable Purpose {venom,
                  | rElec rF- Dex+3}
  9867 | D:8      | Killed a death yak
  9868 | D:8      | Reached XP level 11. HP: 97/97 MP: 7/16
  9870 | D:8      | Noticed a death yak
  9887 | D:8      | Killed a death yak
  9901 | D:8      | Killed a death yak
  9901 | D:8      | Received a gift from Okawaru
  9927 | D:8      | Killed a death yak
 10172 | D:7      | Killed a death yak
 10173 | D:7      | Reached skill level 10 in Fighting
 10447 | D:7      | Killed a death yak
 10718 | D:8      | Found a staircase to the Lair.
 10747 | D:8      | Found a basalt altar of Yredelemnul.
 10907 | D:8      | Reached skill level 10 in Shields
 10918 | D:8      | Found a broken altar of Ashenzari.
 11648 | D:9      | Reached skill level 15 in Axes
 11650 | D:9      | Noticed a two-headed ogre
 11669 | D:9      | Killed a two-headed ogre
 11669 | D:9      | Received a gift from Okawaru
 11908 | D:9      | Noticed a two-headed ogre
 11918 | D:9      | Killed a two-headed ogre
 11924 | D:9      | Reached XP level 12. HP: 95/108 MP: 16/18
 12180 | D:9      | Reached skill level 10 in Armour
 12270 | D:9      | Noticed a two-headed ogre
 12277 | D:9      | Killed a two-headed ogre
 12278 | D:9      | Reached skill level 11 in Fighting
 12391 | D:9      | Found a bloodstained altar of Trog.
 12593 | D:9      | Found an ornate altar of the Wu Jian Council.
 12746 | D:10     | Entered Level 10 of the Dungeon
 12799 | D:10     | Found a staircase to the Orcish Mines.
 12912 | D:10     | Found a flagged portal.
 12924 | D:10     | Reached skill level 1 in Slings
 12942 | Bailey   | Entered a bailey
 13223 | Bailey   | Found a large runed translucent door.
 13223 | Bailey   | Found a large runed translucent door.
 13354 | Bailey   | Identified the +2 buckler of Sotoino {Str+5 Int-3 SInv}
                  | (Okawaru gifted it to you in a bailey)
 13354 | Bailey   | Received a gift from Okawaru
 13819 | D:10     | Noticed Maggie
 13830 | D:10     | Killed Maggie
 14460 | D:11     | Noticed a boulder beetle
 14480 | D:11     | Killed a boulder beetle
 14508 | D:11     | Noticed a two-headed ogre
 14517 | D:11     | Killed a two-headed ogre
 14698 | D:11     | Noticed a two-headed ogre
 14703 | D:11     | Killed a two-headed ogre
 15488 | D:12     | Noticed a boulder beetle
 15519 | D:12     | Killed a boulder beetle
 15520 | D:12     | Reached skill level 12 in Fighting
 15520 | D:12     | Reached XP level 13. HP: 83/118 MP: 19/19
 15891 | D:12     | Found a roughly hewn altar of Beogh.
 16330 | D:13     | Found a bloodstained altar of Trog.
 16942 | D:13     | Identified the +2 pair of boots of Infinity {rPois rCorr
                  | Dex+3}
 17585 | Lair:1   | Entered Level 1 of the Lair of Beasts
 17585 | Lair:1   | Noticed Gastronok
 17801 | Lair:1   | Killed Gastronok
 17959 | Lair:1   | Identified the +5 hand axe of Fanaticism {flame, rC- Will+
                  | Str+4} (Okawaru gifted it to you on level 1 of the Lair of
                  | Beasts)
 17959 | Lair:1   | Received a gift from Okawaru
 18274 | Lair:1   | Reached skill level 5 in Slings
 18955 | Lair:2   | Reached skill level 13 in Fighting
 18963 | Lair:2   | Found a staircase to the Snake Pit.
 19821 | Lair:3   | Identified the +3 cloak "Jaluorr" {rCorr Int+4} (Okawaru
                  | gifted it to you on level 3 of the Lair of Beasts)
 19821 | Lair:3   | Received a gift from Okawaru
 20527 | Lair:3   | Reached XP level 14. HP: 127/129 MP: 20/20
 20755 | Lair:3   | Found a snail-covered altar of Cheibriados.
 21482 | Lair:4   | Found a staircase to the Shoals.
 21546 | Lair:4   | Found a shimmering blue altar of Sif Muna.
 22599 | Lair:5   | Reached skill level 14 in Fighting
 23118 | Lair:5   | Identified the +1 chain mail "Imei" {*Corrode rElec rF+}
                  | (Okawaru gifted it to you on level 5 of the Lair of Beasts)
 23118 | Lair:5   | Received a gift from Okawaru
 23359 | Lair:5   | Found a staircase to the Slime Pits.
 23395 | Lair:5   | Reached ****** piety under Okawaru
 23891 | Lair:5   | Reached skill level 15 in Fighting
 24091 | Lair:6   | Entered Level 6 of the Lair of Beasts
 24099 | Lair:6   | Noticed Rupert
 25457 | Lair:6   | Reached XP level 15. HP: 116/143 MP: 21/21
 25746 | Lair:6   | Reached skill level 16 in Fighting
 25780 | Lair:6   | Received a gift from Okawaru
 25941 | Lair:6   | Reached skill level 15 in Armour
 26992 | Orc:1    | Entered Level 1 of the Orcish Mines
 27459 | Orc:2    | Entered Level 2 of the Orcish Mines
 27840 | Orc:2    | Found a staircase to the Elven Halls.
 28334 | Orc:2    | Found a roughly hewn altar of Beogh.
 28343 | Orc:2    | Found Xeunorr's Antique Weapon Shop.
 28726 | Orc:2    | Found a roughly hewn altar of Beogh.
 28732 | Orc:2    | Reached skill level 17 in Fighting
 28740 | Orc:2    | Found Curochoj's General Store.
 28774 | Orc:2    | Found a roughly hewn altar of Beogh.
 28922 | Orc:2    | Noticed an orc warlord
 28957 | Orc:2    | Killed an orc warlord
 29290 | Orc:2    | Found Qemayxki's Antique Weapon Emporium.
 29296 | Orc:2    | Found Bivves's Antique Armour Shoppe.
 29297 | Orc:2    | Found a roughly hewn altar of Beogh.
 30449 | D:14     | Found a gate to the Vaults.
 30617 | D:15     | Entered Level 15 of the Dungeon
 30952 | D:15     | Reached skill level 18 in Fighting
 31104 | D:15     | Noticed Nessos
 31107 | D:15     | Killed Nessos
 31108 | D:15     | Reached XP level 16. HP: 150/157 MP: 22/22
 31424 | D:15     | Found a staircase to the Depths.
 32671 | Snake:1  | Entered Level 1 of the Snake Pit
 32810 | Snake:1  | Noticed Asterion
 32830 | Snake:1  | Killed Asterion
 32830 | Snake:1  | Received a gift from Okawaru
 33541 | Snake:1  | Found a runed translucent gate.
 33541 | Snake:1  | Found a runed translucent gate.
 33541 | Snake:1  | Found a runed translucent gate.
 33545 | Snake:1  | Noticed Razfen's ghost (adept GnWn)
 33643 | Snake:1  | Killed Razfen's ghost
 34600 | Snake:1  | You fall into a shaft and drop 1 floor!
 34710 | Snake:2  | Found Jiase's Antique Weapon Emporium.
 34712 | Snake:2  | Found Guozuraf's Antique Armour Emporium.
 34712 | Snake:2  | Found Sivvorr's Armour Shoppe.
 34831 | Snake:2  | Found Wisethuss's General Store.
 35078 | Orc:2    | Bought the +8 orange crystal plate armour {Archmagi, Int+3
                  | Clar} for 3034 gold pieces
 35078 | Orc:2    | Found the +8 orange crystal plate armour {Archmagi, Int+3
                  | Clar}
 35284 | Snake:2  | Found Viza's Magic Scroll Boutique.
 35637 | Snake:2  | Identified the +2 hat of Youthful Indiscretion {rPois
                  | Int+3} (Okawaru gifted it to you on level 2 of the Snake
                  | Pit)
 35637 | Snake:2  | Received a gift from Okawaru
 35857 | Snake:2  | Reached skill level 19 in Fighting
 36147 | Snake:2  | Noticed Azrael
 36155 | Snake:2  | Killed Azrael
 37028 | Snake:3  | Noticed Aizul
 37054 | Snake:3  | Killed Aizul
 38146 | Snake:3  | Noticed Nikola
 38173 | Snake:3  | Killed Nikola
 38192 | Snake:3  | Reached XP level 17. HP: 37/168 MP: 14/23
 39103 | Snake:4  | Entered Level 4 of the Snake Pit
 39110 | Snake:4  | Received a gift from Okawaru
 40738 | Snake:4  | Found Naomezxo's Distillery.
 41301 | Snake:4  | Reached skill level 20 in Fighting
 41829 | Snake:4  | Received a gift from Okawaru
 42250 | Snake:4  | Noticed Louise
 42272 | Snake:4  | Killed Louise
 42574 | Snake:4  | Received a gift from Okawaru
 43510 | Snake:4  | Got a serpentine rune of Zot
 43858 | Snake:2  | Bought 11 sling bullets for 82 gold pieces
 44001 | Lair:4   | Killed Rupert
 44010 | Shoals:1 | Entered Level 1 of the Shoals
 44163 | Shoals:1 | Identified the +7 war axe "Pofeotso" {flame, rElec Str+3}
                  | (Okawaru gifted it to you on level 1 of the Shoals)
 44163 | Shoals:1 | Received a gift from Okawaru
 44778 | Shoals:1 | Found Cich's Assorted Antiques.
 44783 | Shoals:1 | Bought a silver ring for 160 gold pieces
 45091 | Shoals:2 | Noticed Ilsuiw
 45108 | Shoals:2 | Killed Ilsuiw
 45115 | Shoals:2 | Reached skill level 1 in Dodging
 45242 | Shoals:2 | Reached XP level 18. HP: 166/180 MP: 24/24
 45429 | Shoals:2 | Identified the +2 leather armour of Pustrut {+Blink rF-
                  | rC++}
 45881 | Shoals:3 | Received a gift from Okawaru
 45980 | Shoals:3 | Reached skill level 21 in Fighting
 46578 | Shoals:4 | Entered Level 4 of the Shoals
 47118 | Shoals:4 | Received a gift from Okawaru
 47654 | Shoals:4 | Got a barnacled rune of Zot
 47976 | Shoals:4 | Received a gift from Okawaru
 48626 | Vaults:1 | Entered Level 1 of the Vaults
 48765 | Vaults:1 | Reached skill level 5 in Dodging
 49223 | Vaults:1 | Identified the +2 hat of Ophonnet {Will- rCorr Int+3}
                  | (Okawaru gifted it to you on level 1 of the Vaults)
 49223 | Vaults:1 | Received a gift from Okawaru
 49228 | Vaults:1 | Reached skill level 22 in Fighting
 49383 | Vaults:1 | Identified the ring "Giku" {Str+6 SInv}
 49418 | Vaults:1 | Reached XP level 19. HP: 166/191 MP: 25/25
 51215 | Vaults:2 | Paralysed by a vampire knight for 5 turns
 51223 | Vaults:2 | Paralysed by a vampire knight for 5 turns
 51265 | Vaults:2 | Identified the +10 crystal plate armour "Xomyrhawk" {+Inv
                  | Will- Regen+} (Okawaru gifted it to you on level 2 of the
                  | Vaults)
 51265 | Vaults:2 | Received a gift from Okawaru
 51277 | Vaults:2 | Cast into level 2 of the Abyss (a wizard)
 51547 | Abyss:2  | Noticed a dread lich
 51569 | Abyss:2  | Noticed a Tzitzimitl
 51569 | Abyss:2  | Killed a dread lich
 51576 | Abyss:2  | Found an ancient bone altar of Kikubaaqudgha.
 51587 | Vaults:2 | Escaped the Abyss
 51737 | Vaults:2 | Found a staircase to the Crypt.
 52301 | Vaults:2 | Found Hela's Magic Scroll Shoppe.
 52309 | Vaults:2 | Bought a scroll of blinking for 120 gold pieces
 52459 | Vaults:2 | Reached skill level 23 in Fighting
 52881 | Vaults:3 | Paralysed by a sphinx for 7 turns
 53149 | Vaults:3 | Received a gift from Okawaru
 53150 | Vaults:3 | Reached XP level 20. HP: 204/204 MP: 26/26
 53367 | Vaults:3 | Cast into level 2 of the Abyss (a wizard)
 53452 | Vaults:3 | Escaped the Abyss
 53557 | Vaults:3 | Received a gift from Okawaru
 53971 | Vaults:3 | Identified the +1 broad axe "Morphur" {vamp, rElec}
                  | (Okawaru gifted it to you on level 3 of the Vaults)
 53971 | Vaults:3 | Received a gift from Okawaru
 54082 | Vaults:3 | Killed from afar by an ironbound frostheart

Illustrated notes

Levels and vault maps discovered:
D:1:      wander_arrival_peaceful_grave, layout_loops_corners,
          chequers_serial_rivers_small_a
D:2:      layout_rooms, minmay_strange_pillars, grunt_decor_clamped,
          grunt_decor_junction, minmay_misc_feat_encased,
          nicolae_concentric_dashed_squares_wild, bh_walls_and_bars
D:3:      layout_loops_ring, nicolae_dithmenos_through_a_glass_darkly,
          serial_rivers, chequers_serial_rivers_room_b,
          chequers_serial_rivers_marsh, chequers_serial_rivers_room_b,
          chequers_serial_rivers_micro_a, chequers_serial_rivers_small_3,
          uniq_grinder, uniq_sigmund, uniq_ijyb, uniq_jessica
D:4:      layout_cave_pools, kennysheep_okawaru_gauntlet,
          serial_co_window_serial, co_window_paths_a,
          co_window_of_opportunity_a, co_window_of_opportunity_a,
          co_window_paths_a, co_window_corner_a, co_window_unsneaky_path_a,
          co_window_cross_4, co_window_corner_b, co_window_of_opportunity_c,
          co_window_paths_c, glass_columns_c, glass_columns_b, glass_columns_a,
          glass_columns_a, glass_columns_a, uniq_eustachio
D:5:      layout_basic, minmay_manual_maat, uniq_crazy_yiuf_cottage, uniq_pikel
D:6:      layout_basic, grunt_ministairs_8, st_stairs_9, hangedman_decor_lopped,
          minmay_misc_feat_plants, minmay_hollow_rounded_squares
D:7:      layout_layer_cave, temple_doors_e, serial_glass, glass_columns_a,
          glass_columns_b, glass_columns_a, feat_on_display,
          palyth_stone_intersect, uniq_joseph, uniq_harold
D:8:      layout_loops_ring, mainiacjoe_overflow_small_starburst,
          ashenzari_conservatory_becter, dpeg_lair_monsters
D:9:      kb_forest_paths, layout_irregular_city, jmf_multi_god_temple,
          minmay_holes
D:10:     layout_stronghold, erik_orc_4, enter_bailey_7, uniq_maggie
D:11:     layout_small_grid, grunt_ogre_cave, roderic_batcave
D:12:     layout_gridville, special_room [special_room_orc], dk_noncrumbling_3
D:13:     layout_long_grid, trog_ov_bears_minmay
D:14:     layout_basic, david_vaults_4, nicolae_wwwww,
          ebering_dispersal_statue_hall
D:15:     grunt_enter_depths_giant_problem, layout_irregular_city,
          minmay_misc_feat_square, water_maze_lemuel, uniq_nessos
Temple:   regret_index_temple_sphere_string
Lair:1:   layout_roguey, nzn_sisyphean_effort, uniq_gastronok
Lair:2:   layout_misc_corridors, minmay_snake_entry_guardpost_small,
          infiniplex_staircase_pool_2, lemuel_fruit_tree
Lair:3:   layout_gridlike, kennysheep_snail_temple
Lair:4:   onia_ninara_swampy_vault, layout_gridlike, elwin_shoals_entry_rocks,
          basic_altar, minivault_27, gammafunk_lair_bear_cave
Lair:5:   layout_cave_pods, minmay_slime_entry_oklob_enclosed
Lair:6:   hangedman_lair_caniforms_friends, layout_gridlike,
          guppyfry_lair_end_dragon, wad_woods_road_01, grunt_megastairs_3,
          uniq_rupert
Shoals:1: layout_shoals, serial_shops, nicolae_shop_hallway_stairs
Shoals:2: layout_shoals, uniq_ilsuiw
Shoals:3: layout_shoals, overgrown_hall
Shoals:4: shoals_end_hangedman, layout_shoals, nicolae_shoals_drake_roost
Snake:1:  layout_cave_pods, ebering_ghost_rock_garden, uniq_asterion
Snake:2:  layout_onion_interference, serial_shops, shop_coins, minmay_shoptagon,
          grunt_megastairs_1, uniq_azrael
Snake:3:  layout_chambers, serial_bayou_lagoon_a, nicolae_snake_bzzzt,
          uniq_aizul, uniq_nikola
Snake:4:  snake_pit, layout_cave_town, serial_shops,
          nicolae_shop_advertising_works [nicolae_subvault_shop_adworks],
          uniq_louise
Orc:1:    layout_caves
Orc:2:    grunt_orc_community_town_hall, layout_diamond_mine,
          grunt_orc_community_big_house_2, grunt_orc_community_big_house_2,
          grunt_orc_community_house_1, grunt_orc_community_house_3,
          grunt_orc_community_house_1, grunt_orc_community_house_2, rock_pile
Vaults:1: hangedman_vaults_maws, v_misc_1, v_pattern_3, grunt_vaults_swirl,
          vaults_dpeg_cross, hangedman_vaults_stretched_pinwheel,
          grunt_vaults_hallway_short, nicolae_vaults_little_squares_6,
          grunt_vaults_hallway_short, layout_vaults_omnigrid
Vaults:2: vaults_room_boxed, vaults_room_corners, nicolae_vaults_circle_grid_a,
          nicolae_vaults_angled_halls, minmay_crypt_entry_simple_plaza,
          vaults_mumra_hexcomb, ontoclasm_vaults_echo, vaults_dpeg_doors,
          v_misc_30, vaults_dpeg_diagonal, nicolae_vaults_mini_display_case,
          layout_vaults_omnicross, serial_shops, shop_statue
Vaults:3: vaults_mumra_bighexcomb, grunt_vaults_funnel, hangedman_vaults_snaps,
          vaults_dpeg_ring, ontoclasm_vaults_pinch,
          nicolae_vaults_twisting_passages, vaults_mumra_minichess_inversion,
          grunt_vaults_focal, hangedman_vaults_corner, v_misc_1,
          layout_vaults_big_room

Skill      XL: |  1  2  3  4  5  6  7  8  9 10 11 12 13 14 15 16 17 18 19 20 |
---------------+-------------------------------------------------------------+-----
Axes           | 3 4 5 6 7 8 10 12 13 15 17 19 20 21 22 | 22.4
Fighting       | 4 5 6 7 8 9 10 12 13 15 18 19 20 22 23 | 23.5
Armour         | 4 5 6 7 8 9 11 12 14 16 18 19 20 21 | 21.8
Invocations    | 2 4 6 8 |  8.0
Shields        | 4 6 9 10 | 10.0
Slings         | 3 5 |  5.9
Dodging        | 1 5 8 9 |  9.0

Action                   |  1- 3 |  4- 6 |  7- 9 | 10-12 | 13-15 | 16-18 | 19-21 || total
-------------------------+-------+-------+-------+-------+-------+-------+-------++-------
Melee: War axe           |   115 |    84 |   235 |   167 |       |   482 |   613 ||  1696
       Battleaxe         |       |       |       |   177 |  1037 |   622 |       ||  1836
       Hand axe          |       |       |       |       |    11 |       |       ||    11
       Executioner's axe |       |       |       |       |       |   198 |       ||   198
 Fire: Hunting sling     |       |       |    12 |   400 |   342 |   188 |    92 ||  1034
Throw: Boomerang         |       |       |     8 |       |       |       |       ||     8
       Javelin           |       |       |     1 |       |       |       |       ||     1
Invok: Heroism           |       |       |     4 |    12 |     5 |    11 |     1 ||    33
       Finesse           |       |       |       |     1 |     2 |     4 |       ||     7
Evoke: Wand              |       |     1 |     5 |       |     2 |       |       ||     8
  Use: Potion            |       |     1 |       |       |     2 |     6 |     1 ||    10
       Scroll            |       |       |     6 |    12 |    14 |     3 |     7 ||    42
 Stab: Paralysed         |       |     2 |     6 |       |       |       |       ||     8
Armor: Scale mail        |    45 |    41 |     2 |       |       |       |       ||    88
       Chain mail        |       |       |   139 |    74 |       |       |       ||   213
       Plate armour      |       |       |       |    80 |   644 |    96 |       ||   820
       Crystal plate arm |       |       |       |       |       |   816 |   342 ||  1158
Dodge: Dodged            |    64 |    37 |    74 |    92 |   286 |   339 |   182 ||  1074
Block: Buckler           |    33 |    23 |    40 |    32 |       |   243 |   301 ||   672
       Other             |       |       |       |       |   197 |   108 |       ||   305
       Reflection        |       |       |       |       |     4 |    33 |    14 ||    51
